 Dungeon Crawl Stone Soup version 0.28-a0-1429-gf3d713df7a (webtiles) character file.

Game seed: 3702238732116926861

647 anonymouscript the Covert (level 7, -7/35 HPs)
             Began as a Spriggan Brigand on Jan 9, 2022.
             Was a Believer of Nemelex Xobeh.
             Mangled by Duvessa (17 damage)
             ... on level 5 of the Dungeon.
             The game lasted 00:21:09 (2754 turns).

anonymouscript the Covert (Spriggan Brigand)        Turns: 2754, Time: 00:21:10

Health: -7/35      AC: 10    Str:  7    XL:     7   Next: 27%
Magic:  17/17      EV: 18    Int: 13    God:    Nemelex Xobeh [**....]
Gold:   111        SH:  0    Dex: 18    Spells: 5/6 levels left

rFire   . . .      SeeInvis +   s - +5 short sword (protect)
rCold   . . .      Faith    .   (no shield)
rNeg    . . .      Spirit   .   b - +0 robe
rPois   .          Reflect  .   (helmet restricted)
rElec   .          Harm     .   c - +0 cloak
rCorr   .          Rampage  .   (gloves unavailable)
Will    +....                   (boots unavailable)
Stlth   ++++......              (no amulet)
HPRegen 0.11/turn               f - ring of magical power
MPRegen 0.15/turn               (no ring)

@: under a protective aura, very quick
A: very small, no large weapons, unfitting armour, see invisible, speed 3
a: Renounce Religion, Draw Escape, Draw Destruction, Draw Summoning


You were on level 5 of the Dungeon.
You worshipped Nemelex Xobeh.
Nemelex Xobeh was pleased with you.
You visited 2 branches of the dungeon, and saw 6 of its levels.

You collected 111 gold pieces.

Inventory:

Hand Weapons
 a - a +2 dagger
 r - the +10 dire flail of Javinlish {venom, Will+ Str+4}
   (You took it off a hobgoblin on level 4 of the Dungeon)

   It poisons the flesh of those it strikes.
   Str:       It affects your strength (+4).
   Will:      It increases your willpower.
 s - a +5 short sword of protection (weapon)
 t - a +2 dagger of speed
Missiles
 d - 18 poisoned darts (quivered)
 e - a curare-tipped dart
 q - 5 atropa-tipped darts
Armour
 b - a +0 robe (worn)
 c - a +0 cloak (worn)
Jewellery
 f - a ring of magical power (left hand)
 n - a ring of ice
 v - an amulet of regeneration
Wands
 o - a wand of polymorph (2)
Scrolls
 h - 2 scrolls of noise {unknown}
 j - a scroll of fog {unknown}
 l - a scroll of teleportation {unknown}
 p - a scroll of identify {unknown}
 u - 3 scrolls of magic mapping {unknown}
Potions
 g - 2 potions of heal wounds
 i - 3 potions of curing {unknown}
 k - 2 potions of degeneration {unknown}
 m - a potion of attraction {unknown}


   Skills:
 + Level 2.4 Fighting
 + Level 4.9 Short Blades
 + Level 4.9 Throwing
 + Level 3.1 Dodging
 + Level 8.2 Stealth
 + Level 0.3 Spellcasting
 - Level 0.1 Conjurations


You had 5 spell levels left.
You knew the following spells:

 Your Spells              Type           Power      Damage    Failure   Level
a - Magic Dart            Conj           0%         1d3       28%         1

Your spell library contained the following spells:

 Spells                   Type           Power      Damage    Failure   Level
 Call Imp                 Summ           0%         N/A       41%         2
 Mephitic Cloud           Conj/Pois/Air  0%         N/A       65%         3
 Ozocubu's Armour         Ice            0%         N/A       65%         3
 Ozocubu's Refrigeration  Ice            0%         4d5       100%        7


Dungeon Overview and Level Annotations

Branches:
Dungeon (5/15)             Temple (1/1) D:4

Altars:
Cheibriados
Hepliaklqana
Makhleb
Nemelex Xobeh
Qazlal
Trog

Annotations:
D:3 3 runed translucent doors, voltaire321's ghost, amateur MfGl
D:5 Duvessa


Innate Abilities, Weirdness & Mutations

You are very small and have problems with some larger weapons.
You are too small for most types of armour.
You have supernaturally acute eyesight. (SInv)
You cover ground extremely quickly. (Speed+++)


Message History

Aim: a hound (54% to hit)
You throw a poisoned dart. The poisoned dart hits the hound!
The hound is poisoned.
The hound misses you.
Throw: 19 darts (poison)
Press: ? - help, Q - select action, (/) - cycle Shift-Dir - straight line, f/p - hound
Aim: a hound (very poisoned, 54% to hit)
You throw a poisoned dart.
The poisoned dart closely misses the hound.
The poisoned dart barely misses Dowan.
The hound closely misses you.
You hit Dowan.
Your weapon exudes an aura of protection.
Dowan is heavily wounded.
The hound bites you. The hound bites you but does no damage.
Dowan gestures at you while chanting. The puff of frost misses you.
You hit Dowan.
Dowan is severely wounded.
Duvessa drinks a potion.
Duvessa is healed!
The hound barely misses you.
You hit Dowan.
Dowan is severely wounded.
Dowan barely misses you. The hound bites you.
You puncture Dowan!
You kill Dowan!
Duvessa screams in rage.
Duvessa goes berserk!
The hound completely misses you.
You hit Duvessa.
Duvessa is lightly wounded.
The hound bites you. Duvessa closely misses you. The hound bites you.
You hit Duvessa but do no damage.
Duvessa is lightly wounded.
Duvessa barely misses you. The hound misses you.
Duvessa hits you with a +0 rapier!
* * * LOW HITPOINT WARNING * * *
You closely miss Duvessa.
Duvessa is lightly wounded.
The hound barely misses you. Duvessa hits you with a +0 rapier!
You die...
Your body glows slightly and disappears.

##..# ... ##...####
###....
###...##.(##.......
#....#..o.((((.....
#...##.e....#.##...
#...#..##.......
#.....###.....>...
#....##.....##...$.
##(..oh@.#..# .....
#....e..#.## .#..
########### #


You could see Duvessa (berserk, very poisoned), a hound (poisoned) and an orc.

Vanquished Creatures
  2 black bears
  An ogre (D:5)
  A phantom (D:5)
  A kobold brigand (D:4)
  Dowan (D:5)
  A centaur zombie (D:5)
  A jelly (D:5)
  Ijyb (D:4)
  A hound skeleton (D:5)
  2 adders
  A gnoll (D:3)
  2 dart slugs
  2 ball pythons
  3 endoplasms
  2 giant cockroaches (D:3)
  10 goblins
  5 hobgoblins
  3 jackals (D:1)
  2 quokkas (D:4)
  6 bats
  A frilled lizard (D:1)
  23 kobolds
  2 rats (D:1)
74 creatures vanquished.

Vanquished Creatures (others)
  An endoplasm (D:4)
  72 plants (D:4)
73 creatures vanquished.

Grand Total: 147 creatures vanquished

Notes
Turn   | Place    | Note
-------+----------+-------------------------------------------
     0 | D:1      | anonymouscript the Spriggan Brigand began the quest for the
                  | Orb.
     0 | D:1      | Reached XP level 1. HP: 10/10 MP: 2/2
    54 | D:1      | Reached skill level 6 in Stealth
   198 | D:1      | Reached XP level 2. HP: 14/14 MP: 3/3
   315 | D:1      | Found a faded altar of an unknown god.
   316 | D:1      | Noticed a great orb of eyes
   343 | D:1      | Noticed a shining eye
   347 | D:1      | Noticed a great orb of eyes
   347 | D:1      | Noticed a floating eye
   353 | D:1      | Prayed at the altar of an unknown god.
   353 | D:1      | Became a worshipper of Nemelex Xobeh the Trickster
   353 | D:1      | Reached * piety under Nemelex Xobeh
   747 | D:2      | Reached XP level 3. HP: 18/18 MP: 4/4
   766 | D:2      | Learned a level 1 spell: Magic Dart
  1104 | D:3      | Noticed voltaire321's ghost (amateur MfGl)
  1114 | D:3      | Received a gift from Nemelex Xobeh
  1134 | D:3      | Found a runed translucent gate.
  1134 | D:3      | Found a runed translucent gate.
  1134 | D:3      | Found a runed translucent gate.
  1305 | D:3      | Reached skill level 7 in Stealth
  1552 | D:4      | Found a staircase to the Ecumenical Temple.
  1558 | Temple   | Entered the Ecumenical Temple
  1777 | D:4      | Noticed a black bear
  1802 | D:4      | Killed a black bear
  1803 | D:4      | Reached XP level 4. HP: 22/23 MP: 5/5
  1803 | D:4      | Reached XP level 5. HP: 25/26 MP: 6/6
  2008 | D:4      | Noticed Ijyb
  2035 | D:4      | Killed Ijyb
  2144 | D:4      | Identified the +10 dire flail of Javinlish {venom, Will+
                  | Str+4}
  2224 | D:4      | Reached XP level 6. HP: 23/30 MP: 7/7
  2487 | D:5      | Entered Level 5 of the Dungeon
  2487 | D:5      | Reached ** piety under Nemelex Xobeh
  2568 | D:5      | Reached skill level 8 in Stealth
  2679 | D:5      | Reached XP level 7. HP: 35/35 MP: 8/8
  2721 | D:5      | Noticed Duvessa
  2725 | D:5      | Noticed Dowan
  2751 | D:5      | Killed Dowan
  2754 | D:5      | Mangled by Duvessa

Illustrated notes

Levels and vault maps discovered:
D:1:      minmay_arrival_loop, layout_loops_ring,
          hellmonk_ecumenical_altar_watching_god
D:2:      layout_basic
D:3:      layout_basic, gammafunk_ghost_icy, grunt_ministairs_5
D:4:      kennysheep_kobold_camp, layout_loops_ring, minmay_temple_entry_hall,
          uniq_ijyb, uniq_crazy_yiuf_cottage
D:5:      layout_cave_pools, serial_shops, kennysheep_little_box, shop,
          gammafunk_ghost_grave, uniq_duvessa, uniq_eustachio, uniq_menkaure
Temple:   mainiacjoe_temple_coin_purse

Skill      XL: |  1  2  3  4  5  6 |
---------------+-------------------+-----
Stealth        | 6 7 8 |  8.2
Short Blades   | 3 4 |  4.9
Fighting       | 2 |  2.4
Dodging        | 2 3 |  3.1
Throwing       | 3 4 |  4.9
Spellcasting   | |  0.3
Conjurations   | |  0.1

Action                   |  1- 3 |  4- 6 |  7- 9 || total
-------------------------+-------+-------+-------++-------
Melee: Dagger            |   111 |    37 |       ||   148
       Punch             |     1 |     1 |       ||     2
       Short sword       |       |    32 |     8 ||    40
Throw: Dart              |    22 |    48 |    10 ||    80
 Cast: Magic Dart        |     6 |     1 |       ||     7
Invok: Draw Destruction  |     1 |     1 |       ||     2
       Draw Escape       |       |     1 |       ||     1
 Stab: Sleeping          |     9 |     2 |     1 ||    12
       Invisible         |       |     1 |       ||     1
Armor: Robe              |    18 |    19 |     1 ||    38
Dodge: Dodged            |    79 |    44 |    14 ||   137

Table legend: (Time is in decaauts)
 A = Elapsed time spent in this place.
 B = Non-inter-level travel time spent in this place.
 C = Inter-level travel time spent in this place.
 D = Time resting spent in this place.
 E = Time spent auto-exploring this place.
 F = Levels seen in this place.
 G = Mean time per level.
                   A        B        C        D        E       F      G
               +--------+--------+--------+--------+--------+-----+--------+
         Total |   2084 |   2084 |      0 |    249 |    975 |   6 |  347.3 |
       Dungeon |   2072 |   2072 |      0 |    249 |    975 |   5 |  414.4 |
        Temple |     11 |     11 |      0 |      0 |      0 |   1 |   11.0 |
               +--------+--------+--------+--------+--------+-----+--------+

Top non-repeatable levels by time:
     D:4: 714 daAuts
     D:3: 620 daAuts
     D:1: 501 daAuts
     D:5: 201 daAuts
     D:2: 35 daAuts
  Temple: 11 daAuts
